 Dungeon Crawl Stone Soup version 0.26.1-11-gd32895ea62 (webtiles) character file.

Game seed: 9318691403115769212

235 Zeld the Sneak (level 6, -8/39 HPs)
             Began as an Octopode Brigand on May 15, 2021.
             Killed from afar by Natasha (11 damage)
             ... with a magic dart
             ... on level 2 of the Dungeon.
             The game lasted 00:02:01 (1182 turns).

Zeld the Sneak (Octopode Brigand)                   Turns: 1182, Time: 00:02:01

Health: -8/39      AC:  1    Str: 12    XL:     6   Next: 6%
Magic:  8/10       EV: 13    Int: 13    God:
Gold:   59         SH:  0    Dex: 14    Spells: 10/10 levels left

rFire    . . .     SeeInvis .   a - +2 dagger
rCold    . . .     Faith    .   (no shield)
rNeg     . . .     Spirit   .   (helmet restricted)
rPois    .         Reflect  .   (no amulet)
rElec    .         Harm     .   (no ring)
rCorr    .         Rampage  .   (no ring)
Will     .....                  (no ring)
Stlth    ++++......             (no ring)
HPRegen  0.13/turn              (no ring)
MPRegen  0.12/turn              (no ring)
                                (no ring)
                                (no ring)

@: no status effects
A: almost no armour, stealthy swim, amphibious, 8 rings, constrict 8, camouflage
1, gelatinous body 1
a: no special abilities


You were on level 2 of the Dungeon.
You visited 1 branch of the dungeon, and saw 2 of its levels.

You collected 59 gold pieces.

Inventory:

Hand Weapons
 a - a +2 dagger (weapon)
Missiles
 b - 8 poisoned darts (quivered)
 c - 2 curare-tipped darts
Jewellery
 k - an uncursed ring of protection from cold {unknown}
Scrolls
 d - a scroll of random uselessness {unknown}
 e - 3 scrolls of identify {unknown}
 h - a scroll of blinking {unknown}
 o - a scroll of enchant armour {unknown}
Potions
 f - a potion of mutation {unknown}
 g - a potion of curing
 i - a potion of magic {unknown}
 j - a potion of might {unknown}
 l - a potion of resistance {unknown}
 m - a potion of haste
 n - a potion of attraction {unknown}
 p - a potion of cancellation {unknown}


   Skills:
 - Level 2.0 Fighting
 * Level 5.1 Short Blades
 - Level 2.0 Throwing
 - Level 1.0 Dodging
 - Level 5.3 Stealth
 + Level 2.7 Spellcasting


You had 10 spell levels left.
You didn't know any spells.
Your spell library was empty.

Dungeon Overview and Level Annotations

Branches:
Dungeon (2/15)

Altars:

Annotations:
D:2 Natasha, Robin


Innate Abilities, Weirdness & Mutations

You cannot wear most types of armour.
You are very stealthy in the water. (Stealth+)
You are amphibious.
You can wear up to eight rings at the same time.
You can use your tentacles to constrict eight enemies at once.
Your skin changes colour to match your surroundings (Stealth+).
Your rubbery body absorbs attacks. (AC +1, EV +1)


Message History

Natasha hisses angrily.
You hit the goblin.
You kill the goblin!
You constrict Robin, but do no damage. Robin hits you with a +0 club.
* * * LOW HITPOINT WARNING * * *
You are too injured to fight recklessly!
You release your grip on Robin.
Natasha stares at you and mumbles some strange words.
The magic dart hits you!
* * * LOW HITPOINT WARNING * * *
Robin barely misses you.
Items here: )))) †.
You are too injured to fight recklessly!
Natasha drinks a potion.
Natasha seems to speed up.
Robin misses you.
You hit Natasha. You grab Natasha. You squeeze Natasha!
Natasha is severely wounded.
You constrict Natasha. Natasha casts a spell at you. The magic dart hits you!
You die...

...... ####
......####### #...
...........)# #...
...........# #...
#........# #...
########........###...
#...............'.'...
..#....h##........###...
.......@.....##.........
......g)##.#.##.########
......#)##.#.##.#
...##.#)##.#..... .. #
#.##.#.##.#.#### # .
#.##.####.#.....##
#.##.# .......... #+##.#
.#..... #.# <......


You could see Robin and Natasha (fast).

Vanquished Creatures
  Sigmund (D:2)
  Natasha (D:2)
  A worm (D:2)
  2 dart slugs
  4 bats (D:1)
  2 giant cockroaches (D:1)
  10 goblins
  6 hobgoblins
  7 jackals (D:1)
  A ball python (D:1)
  3 frilled lizards
  3 rats (D:1)
41 creatures vanquished.

Notes
Turn   | Place    | Note
-------+----------+-------------------------------------------
     0 | D:1      | Zeld the Octopode Brigand began the quest for the Orb.
     0 | D:1      | Reached XP level 1. HP: 14/14 MP: 1/1
     2 | D:1      | Noticed an ogre
     8 | D:1      | Noticed a merfolk zombie
    17 | D:1      | Noticed a vampire
    17 | D:1      | Noticed an elf
   130 | D:1      | Reached XP level 2. HP: 19/19 MP: 2/2
   349 | D:1      | Reached skill level 1 in Spellcasting
   420 | D:1      | Reached XP level 3. HP: 24/24 MP: 4/4
   968 | D:2      | Noticed Natasha
   973 | D:2      | Killed Natasha
   974 | D:2      | Reached XP level 4. HP: 29/29 MP: 4/6
  1130 | D:2      | Noticed Natasha
  1147 | D:2      | Noticed Sigmund
  1148 | D:2      | Noticed Robin
  1159 | D:2      | Killed Sigmund
  1160 | D:2      | Reached skill level 5 in Short Blades
  1160 | D:2      | Reached XP level 5. HP: 23/34 MP: 6/9
  1160 | D:2      | Reached XP level 6. HP: 27/39 MP: 6/10
  1182 | D:2      | Killed from afar by Natasha

Illustrated notes

Levels and vault maps discovered:
D:1:      shiori_arrival_whats_in_store_for_you, layout_basic,
          minmay_tromino_mix6
D:2:      layout_basic, uniq_sigmund, uniq_natasha, uniq_robin

Skill      XL: |  1  2  3  4 |
---------------+-------------+-----
Spellcasting   | 1 2 |  2.7
Short Blades   | 3 5 |  5.1
Fighting       | |  2.0
Throwing       | |  2.0
Dodging        | |  1.0
Stealth        | |  5.3

Action                   |  1- 3 |  4- 6 || total
-------------------------+-------+-------++-------
Melee: Dagger            |    48 |    26 ||    74
       Constrict         |    11 |     6 ||    17
       Tentacles         |    10 |     5 ||    15
  Use: Potion            |       |     2 ||     2
 Stab: Sleeping          |    13 |     1 ||    14
Armor: Skin              |     3 |     1 ||     4
Dodge: Dodged            |    30 |    25 ||    55
